 Dungeon Crawl Stone Soup version 0.30-a0-1157-g2cc9ac7196 (webtiles) character file.

Game seed: 1127428868119602430

1764 hwolsky the Cleaver (level 8, -13/73 HPs)
             Began as a Minotaur Fighter on Apr 24, 2023.
             Was an Initiate of Okawaru.
             Shot with a sling bullet by Joseph (17 damage)
             ... on level 7 of the Dungeon.
             The game lasted 00:14:42 (5120 turns).

hwolsky the Cleaver (Minotaur Fighter)              Turns: 5120, Time: 00:14:44

Health: -13/73     AC:  3    Str: 24    XL:     8   Next: 79%
Magic:  7/7        EV: 11    Int:  5    God:    Okawaru [......]
Gold:   392        SH:  5    Dex:  9    Spells: 7/7 levels left

rFire   . . .        a - +0 war axe
rCold   . . .        c - +0 buckler
rNeg    . . .        (no body armour)
rPois   +            (helmet restricted)
rElec   .            i - +0 cloak
rCorr   .            o - +1 pair of gloves
SInv    .            (no boots)
Will    .....        (no amulet)
Stlth   +            m - ring of flight
HPRegen 0.32/turn    n - ring of poison resistance
MPRegen 0.10/turn

%: no passive effects
@: flying
A: horns 2, retaliatory headbutt
a: Renounce Religion


You were on level 7 of the Dungeon.
You worshipped Okawaru.
Okawaru was noncommittal.
You visited 2 branches of the dungeon, and saw 8 of its levels.

You collected 392 gold pieces.

Inventory:

Hand Weapons
 a - a +0 war axe (weapon)
Missiles
 k - 4 silver javelins (quivered)
 r - 5 boomerangs
 s - a throwing net
Armour
 c - a +0 buckler (worn)
 i - a +0 cloak (worn)
 o - a +1 pair of gloves (worn)
 x - the +4 ring mail "Emiostra" {rCorr Dex+3 Stlth+}
   (You found it on level 6 of the Dungeon)

   Dex:       It affects your dexterity (+3).
   rCorr:     It protects you from acid and corrosion.
   Stlth:     It makes you more stealthy.
 A - a +0 plate armour
Jewellery
 d - the amulet "Reongirgh" {Reflect Drain rPois rC+ Slay+3 SH+5}
   (You took it off an orc on level 5 of the Dungeon)

   [amulet of reflection]

   It reflects blocked missile attacks.
   Slay:      It affects your accuracy & damage with ranged weapons and melee
   (+3).
   rC:        It protects you from cold.
   rPois:     It protects you from poison.
   Drain:     It drains your maximum health when unequipped.
   SH:        It affects your SH (+5).
 m - a ring of flight (left hand)
 n - a ring of poison resistance (right hand)
 v - a ring of willpower
Wands
 w - a wand of paralysis (12)
 y - a wand of acid (12)
Scrolls
 j - 2 scrolls of identify
 p - 3 scrolls of teleportation
 u - 3 scrolls of amnesia
Potions
 b - 5 potions of degeneration
 e - 3 potions of curing
 f - 6 potions of brilliance
 g - 4 potions of haste
 h - 4 potions of flight
 l - 4 potions of mutation
 q - a potion of ambrosia
 z - a potion of magic


   Skills:
 + Level 7.0 Fighting
 * Level 8.9 Axes
 + Level 7.1 Armour
 + Level 7.1 Shields


You had 7 spell levels left.
You didn't know any spells.
Your spell library contained the following spells:

 Spells                   Type           Power      Damage    Failure   Level
 Lesser Beckoning         Tloc           0%         N/A       67%         2
 Anguish                  Hex/Necr       0%         N/A       99%         4
 Cause Fear               Hex            0%         N/A       99%         4
 Leda's Liquefaction      Hex/Erth       0%         N/A       99%         4


Dungeon Overview and Level Annotations

Branches:
Dungeon (7/15)             Temple (1/1) D:6

Altars:
Ashenzari
Cheibriados
Dithmenos
Elyvilon
Gozag
Hepliaklqana
Kikubaaqudgha
Makhleb
Nemelex Xobeh
Okawaru
Sif Muna
Trog
Uskayaw
Vehumet
Wu Jian
Xom
Yredelemnul
The Shining One

Annotations:
D:7 Joseph


Innate Abilities, Weirdness & Mutations

You have a pair of horns on your head.
You reflexively headbutt those who attack you in melee.


Message History

Joseph shouts!
Joseph unwields a +0 quarterstaff.
Joseph wields a +0 sling.
Joseph shoots a sling bullet.
The sling bullet barely misses you.
You see here a +0 plate armour.
You start removing your armour.
You continue taking off the +4 ring mail "Emiostra" {rCorr Dex+3 Stlth+}. x4
You finish taking off the +4 ring mail "Emiostra" {rCorr Dex+3 Stlth+}.
You start putting on your armour.
You continue putting on your +0 plate armour. x3
Joseph unwields a +0 sling.
Joseph wields a +0 quarterstaff.
Joseph hits you with a +0 quarterstaff.
Keep equipping yourself?
You stop putting on your armour.
You barely miss Joseph. Your headbutt misses Joseph. Joseph barely misses you.
You slash Joseph!
Joseph is lightly wounded.
Joseph hits you with a +0 quarterstaff!
You barely miss Joseph.
Joseph is lightly wounded.
Joseph hits you with a +0 quarterstaff!
You hit Joseph but do no damage.
Joseph is lightly wounded.
Joseph hits you with a +0 quarterstaff!!
Blink to where?
Press: ? - help, Q - select action, (/) - cycle Dir - move target
As you read the scroll of blinking, it crumbles to dust.
Joseph unwields a +0 quarterstaff.
Joseph wields a +0 sling.
Joseph shoots a sling bullet.
Keep equipping yourself?
The sling bullet hits you!!
* * * LOW HITPOINT WARNING * * *
You start putting on your armour.
You continue putting on your +0 plate armour.
Joseph shoots a sling bullet.
The sling bullet closely misses you.
You continue putting on your +0 plate armour. x2
Joseph shoots a sling bullet.
The sling bullet hits you.
* * * LOW HITPOINT WARNING * * *
You continue putting on your +0 plate armour.
Joseph shoots a sling bullet.
The sling bullet hits you!
You die...

### ### ######.##
#.. ........## #.#
##.....###### #.#
#....<.......
##.######>....######
#...#.@......##
###.#..............
#...@......#..#####
#.##$##.##.#.##
..............#..
#.#####....####### #
#.##.@. #.#####?#
#.# #


You could see Joseph.

Vanquished Creatures
  Sigmund (D:6)
  An ice beast (D:6)
  3 black bears
  3 centaurs
  2 bullfrogs (D:6)
  A gnoll sergeant (D:4)
  2 scorpions
  4 wights (D:6)
  A jelly (D:6)
  2 hounds (D:5)
  A sleepcap (D:6)
  2 iguanas
  2 orc wizards
  5 gnolls (D:4)
  10 adders
  2 white imps
  An ufetubus (D:5)
  5 worms
  3 dart slugs
  13 orcs
  6 bats
  8 endoplasms
  5 giant cockroaches
  7 goblins
  6 hobgoblins
  6 jackals
  4 quokkas
  8 ball pythons
  3 frilled lizards
  5 kobolds
  5 rats
127 creatures vanquished.

Notes
Turn   | Place    | Note
-------+----------+-------------------------------------------
     0 | D:1      | hwolsky the Minotaur Fighter began the quest for the Orb.
     0 | D:1      | Reached XP level 1. HP: 19/19 MP: 0/0
   180 | D:1      | Reached XP level 2. HP: 25/27 MP: 1/1
   253 | D:1      | Reached skill level 3 in Axes
   495 | D:1      | Found a faded altar of an unknown god.
   708 | D:1      | You fall into a shaft and drop 1 floor!
   729 | D:2      | Reached XP level 3. HP: 30/33 MP: 2/2
  1063 | D:2      | Reached XP level 4. HP: 40/40 MP: 3/3
  1580 | D:2      | Reached skill level 4 in Axes
  2558 | D:4      | Found the +7 Throatcutter {drain, coup de grace}
  2610 | D:4      | Reached XP level 5. HP: 47/47 MP: 4/4
  2811 | D:4      | Reached skill level 5 in Axes
  2813 | D:4      | Reached XP level 6. HP: 31/55 MP: 5/5
  2913 | D:4      | Reached skill level 5 in Armour
  2914 | D:4      | Reached skill level 5 in Fighting
  2914 | D:4      | Reached skill level 5 in Shields
  3133 | D:5      | Entered Level 5 of the Dungeon
  3292 | D:5      | Identified the amulet "Reongirgh" {Reflect Drain rPois rC+
                  | Slay+3 SH+5}
  3342 | D:5      | Reached skill level 6 in Axes
  3342 | D:5      | Reached XP level 7. HP: 55/61 MP: 6/6
  3590 | D:5      | Got Sif Muna's Vademecum on Transposed Spellbinding
  4051 | D:6      | Reached skill level 7 in Axes
  4062 | D:6      | Reached XP level 8. HP: 63/70 MP: 7/7
  4098 | D:6      | Noticed Sigmund
  4103 | D:6      | Killed Sigmund
  4162 | D:6      | Noticed a troll
  4242 | D:6      | Identified the +4 ring mail "Emiostra" {rCorr Dex+3 Stlth+}
  4311 | D:6      | Reached skill level 8 in Axes
  4439 | D:6      | Found a staircase to the Ecumenical Temple.
  4451 | Temple   | Entered the Ecumenical Temple
  4600 | Temple   | Became a worshipper of Warmaster Okawaru
  4804 | D:6      | Found a basalt altar of Yredelemnul.
  5096 | D:7      | Noticed Joseph
  5119 | D:7      | HP: 3/73 [Joseph/sling bullet (4)]
  5120 | D:7      | Shot with a sling bullet by Joseph

Illustrated notes

Levels and vault maps discovered:
D:1:      minmay_arrival_three_doors, layout_basic,
          hellmonk_ecumenical_altar_run_dry, kennysheep_decorative_pillar,
          grunt_decor_one_mirror, nicolae_figureground_sparkle
D:2:      minmay_recursive_quarters, layout_loops_corners, wad_orctagon
D:3:      layout_rooms, st_stairs_14
D:4:      layout_rooms, lightli_minifort
D:5:      layout_basic
D:6:      layout_loops_ring, amcnicky_altar_gilded,
          minmay_temple_entry_poolview, lightli_corner_chamber, uniq_sigmund
D:7:      layout_loops_ring, uniq_joseph
Temple:   minmay_crystal_spiral_temple

Skill      XL: |  1  2  3  4  5  6  7  8 |
---------------+-------------------------+-----
Axes           | 3 4 5 6 7 8 |  8.9
Armour         | 4 5 6 7 |  7.1
Fighting       | 4 5 6 7 |  7.0
Shields        | 4 5 6 7 |  7.1

Action                     |  1- 3 |  4- 6 |  7- 9 || total
---------------------------+-------+-------+-------++-------
  Melee: War axe           |    76 |   167 |   100 ||   343
         Headbutt          |     4 |    15 |    21 ||    40
  Throw: Javelin           |       |     4 |       ||     4
         Throwing net      |       |     1 |       ||     1
    Use: Scroll            |     6 |     7 |     2 ||    15
         Potion            |       |    10 |     2 ||    12
 Armour: Scale mail        |    36 |       |       ||    36
         Ring mail         |    31 |    97 |    56 ||   184
  Dodge: Dodged            |    44 |   101 |    51 ||   196
  Block: Buckler           |    28 |    52 |    23 ||   103

Table legend: (Time is in decaauts)
 A = Elapsed time spent in this place.
 B = Non-inter-level travel time spent in this place.
 C = Inter-level travel time spent in this place.
 D = Time resting spent in this place.
 E = Time spent auto-exploring this place.
 F = Levels seen in this place.
 G = Mean time per level.
                   A        B        C        D        E       F      G
               +--------+--------+--------+--------+--------+-----+--------+
         Total |   5222 |   4924 |    298 |    123 |   3197 |   8 |  652.8 |
       Dungeon |   5007 |   4795 |    212 |    123 |   3085 |   7 |  715.3 |
        Temple |    214 |    128 |     86 |      0 |    112 |   1 |  214.0 |
               +--------+--------+--------+--------+--------+-----+--------+

Top non-repeatable levels by time:
     D:2: 1250 daAuts
     D:6: 986 daAuts
     D:1: 784 daAuts
     D:5: 767 daAuts
     D:4: 613 daAuts
     D:3: 561 daAuts
  Temple: 214 daAuts
     D:7: 42 daAuts
